 Dungeon Crawl Stone Soup version 0.30-a0-591-g3c58d2bc28 (webtiles) character file.

Game seed: 13362027814852585884

1904 omnomnOMINOUS the Ducker (level 9, -15/63 HPs)
             Began as an Octopode Wanderer on Jan 4, 2023.
             Was an Initiate of Vehumet.
             Killed by an exploding killer bee (16 damage)
             ... ignited by their inner flame
             ... on level 6 of the Dungeon.
             The game lasted 00:16:16 (6278 turns).

omnomnOMINOUS the Ducker (Octopode Wanderer)        Turns: 6278, Time: 00:16:16

Health: -15/63     AC:  1    Str:  9    XL:     9   Next: 15%
Magic:  12/12      EV: 16    Int: 23    God:    Vehumet [......]
Gold:   116        SH:  3    Dex: 15    Spells: 7/12 levels left

rFire   . . .      SeeInvis .    a - +4 hammer "Jud Ann" {flame, +Blink}
rCold   . . .      Faith    .    l - +0 buckler
rNeg    . . .      Spirit   .    c - +0 hat
rPois   +          Reflect  .    (no amulet)
rElec   .          Harm     .    w - ring of poison resistance
rCorr   .          Rampage  .    z - +6 ring of intelligence
Will    .....                    (no ring)
Stlth   +++                      (no ring)
HPRegen 0.30/turn                (no ring)
MPRegen 0.13/turn                (no ring)
                                 (no ring)
                                 (no ring)

@: lethally poisoned (-15 -> -20)
A: almost no armour, amphibious, 8 rings, camouflage 1, gelatinous body 1,
(nimble swimmer 1), tentacles
a: Renounce Religion, Evoke Blink


You were on level 6 of the Dungeon.
You worshipped Vehumet.
Vehumet was noncommittal.
You visited 2 branches of the dungeon, and saw 7 of its levels.
You also visited: Ossuary.

You collected 149 gold pieces.
You spent 33 gold pieces at shops.

Inventory:

Hand Weapons
 a - the +4 hammer "Jud Ann" (weapon) {flame, +Blink}
   (You found it on level 3 of the Dungeon)

   +Blink:    It lets you blink.
 b - a +2 whip of draining
Missiles
 y - 5 atropa-tipped darts
 D - 4 throwing nets
Armour
 c - a +0 hat (worn)
 l - a +0 buckler (worn)
Jewellery
 w - a ring of poison resistance (left tentacle)
 z - a +6 ring of intelligence (right tentacle)
Wands
 n - a wand of polymorph (5)
 x - a wand of mindburst (12)
 A - a wand of light (1)
Scrolls
 d - 2 scrolls of fog
 e - a scroll of torment
 i - 3 scrolls of noise
 j - a scroll of blinking
 r - 3 scrolls of vulnerability
 s - a scroll of amnesia
 u - 4 scrolls of teleportation
 v - 3 scrolls of magic mapping
 B - a scroll of enchant armour {unknown}
Potions
 f - a potion of might {unknown}
 g - a potion of ambrosia {unknown}
 h - 2 potions of mutation {unknown}
 k - 4 potions of degeneration {unknown}
 m - a potion of cancellation {unknown}
 o - 2 potions of attraction
 q - a potion of heal wounds
 t - 2 potions of brilliance {unknown}
 C - a potion of curing


   Skills:
 + Level 6.5 Fighting
 - Level 2.0 Axes
 + Level 7.4 Dodging
 - Level 1.3 Stealth
 - Level 2.0 Spellcasting
 + Level 4.8 Conjurations
 + Level 4.7 Earth Magic
 - Level 1.0 Invocations


You had 7 spell levels left.
You knew the following spells:

 Your Spells              Type           Power      Damage    Failure   Level
a - Passwall              Tmut/Erth      10%        N/A       10%         2
b - Stone Arrow           Conj/Erth      48%        3d10      8%          3

Your spell library contained the following spells:

 Spells                   Type           Power      Damage    Failure   Level
 Sandblast                Erth           48%        2d12      2%          1
 Blink                    Tloc           4%         N/A       26%         2
 Ignite Poison            Fire/Tmut/Pois 2%         N/A       45%         3
 Kindle Blastsparks       Fire/Tloc/Air  4%         2d10      45%         3
 Manifold Assault         Tloc           2%         N/A       86%         4
 Freezing Cloud           Conj/Ice/Air   4%         6-21      94%         5
 Storm Form               Tmut/Air       1%         N/A       100%        7


Dungeon Overview and Level Annotations

Branches:
Dungeon (6/15)             Temple (1/1) D:6         Ossuary (visited)

Altars:
Ashenzari
Cheibriados
Dithmenos
Elyvilon
Fedhas
Gozag
Hepliaklqana
Kikubaaqudgha
Makhleb
Nemelex Xobeh
Okawaru
Qazlal
Ru
Sif Muna
Trog
Uskayaw
Vehumet
Wu Jian
Xom
Yredelemnul
Zin
The Shining One

Shops:
D:2 !


Innate Abilities, Weirdness & Mutations

You cannot wear most types of armour.
You are amphibious.
You can wear up to eight rings at the same time.
Your skin changes colour to match your surroundings (Stealth+).
Your rubbery body absorbs attacks. (AC +1, EV +1)
((You are camouflaged when in or above water. (Stealth+)))
You have tentacles for arms and can constrict up to eight enemies at once.


Message History

The scroll dissolves into smoke.
You feel sick. The killer bee stings you. The killer bee stings you!
You block the killer bee's attack. The killer bee stings you!
Okay, then.
Okay, then.
Unknown command.
You feel much better.
You feel stable enough to blink again.
You feel sick. The killer bee completely misses you.
The killer bee closely misses you. The killer bee misses you.
The killer bee barely misses you.
Aiming: Mindburst
Press: ? - help, Shift-Dir - straight line, f - killer bee
Aim: a killer bee (grey smoke, inner flame, chance to affect: 72%)
The killer bee struggles to resist.
You feel sick. The killer bee misses you.
The killer bee barely misses you. x2; The killer bee closely misses you.
Unknown command.
Aiming: Mindburst
Press: ? - help, Shift-Dir - straight line, f/p - killer bee
Aim: a killer bee (grey smoke, inner flame, chance to affect: 72%)
The killer bee struggles to resist.
You feel sick.
You are no longer poisoned.
The killer bee stings you! The killer bee stings you.
You are poisoned.
The killer bee poisons you! You block the killer bee's attack.
The killer bee stings you.
Unknown command.
Aiming: Mindburst
Press: ? - help, Shift-Dir - straight line, f/p - killer bee
Aim: a killer bee (grey smoke, inner flame, chance to affect: 72%)
The killer bee's mind is blasted!
Vehumet accepts your kill.
The killer bee explodes!
The fiery explosion engulfs the killer bee!!
Vehumet accepts your kill. The fiery explosion engulfs you!!
* * * LOW HITPOINT WARNING * * *
The killer bee explodes!
The fiery explosion engulfs you!
You die...

.......# ....
.......# #.......#
.......# .......#
......########......#
###...##...§##......#
.##...##...§§§§.....#
...÷.........§§§§§..#
............##§§§§§.#
............##§§@§§.#
.............#§§§§§.#
.............#§§§§§.#
.............#......#
.............#......#
###...##....##......#
###...##....##......#
#...........##......#
#...........#


There were no monsters in sight!

Vanquished Creatures
  Sigmund (D:2)
  2 ice beasts
  An ogre (D:5)
  2 centaurs (D:5)
  A phantom (D:4)
  A gnoll sergeant (D:4)
  2 scorpions
  6 killer bees (D:6)
  5 centaur zombies (Ossuary)
  2 hounds
  7 human zombies (Ossuary)
  Jessica (D:2)
  2 iguanas (D:5)
  Crazy Yiuf (D:3)
  Ijyb (D:3)
  Natasha (D:3)
  3 mummies (Ossuary)
  9 gnolls
  9 adders
  An ufetubus (D:6)
  A worm (D:5)
  5 dart slugs
  4 orcs
  10 ball pythons
  6 endoplasms
  4 giant cockroaches
  12 goblins
  13 hobgoblins
  3 jackals (D:3)
  3 kobolds
  6 quokkas
  4 bats (D:1)
  5 frilled lizards
  3 rats
137 creatures vanquished.

Notes
Turn   | Place    | Note
-------+----------+-------------------------------------------
     0 | D:1      | omnomnOMINOUS the Octopode Wanderer began the quest for the
                  | Orb.
     0 | D:1      | omnomnOMINOUS set off with the following items: a +0 hand
                  | axe, 4 throwing nets, a +0 hat, a scroll of fog, a scroll
                  | of fear.
     0 | D:1      | Reached XP level 1. HP: 14/14 MP: 1/1
   105 | D:1      | Reached XP level 2. HP: 15/19 MP: 2/2
   221 | D:1      | Reached skill level 1 in Spellcasting
   298 | D:1      | Reached XP level 3. HP: 25/25 MP: 4/4
   983 | D:2      | Noticed Jessica
   987 | D:2      | Killed Jessica
   988 | D:2      | Reached XP level 4. HP: 19/31 MP: 6/6
  1113 | D:2      | Noticed Sigmund
  1127 | D:2      | Killed Sigmund
  1128 | D:2      | Reached skill level 5 in Dodging
  1128 | D:2      | Reached XP level 5. HP: 18/37 MP: 6/8
  1128 | D:2      | Reached XP level 6. HP: 21/43 MP: 6/9
  1131 | D:2      | Learned a level 2 spell: Passwall
  1135 | D:2      | Learned a level 3 spell: Stone Arrow
  1345 | D:2      | Found Myeh's Distillery.
  1497 | D:2      | Bought a potion of curing for 33 gold pieces
  1521 | D:2      | Noticed Robin
  1706 | D:2      | Found a shimmering blue altar of Sif Muna.
  2003 | D:2      | Robin changed into Robin the dart slug
  2003 | D:2      | Noticed Robin
  2010 | D:2      | Killed Robin the dart slug
  2450 | D:3      | Noticed Natasha
  2461 | D:3      | Reached skill level 1 in Conjurations
  2609 | D:3      | Killed Natasha
  2610 | D:3      | Reached skill level 1 in Earth Magic
  2707 | D:3      | Noticed Ijyb
  2718 | D:3      | Killed Ijyb
  2898 | D:3      | Found a runed translucent door.
  2899 | D:3      | Noticed Crazy Yiuf
  2904 | D:3      | Killed Crazy Yiuf
  2906 | D:3      | Identified the +4 hammer "Jud Ann" {flame, +Blink}
  3199 | D:4      | Reached XP level 7. HP: 22/49 MP: 7/10
  3258 | D:4      | Found a sand-covered staircase.
  3263 | Ossuary  | Entered an ossuary
  3443 | Ossuary  | Reached skill level 6 in Dodging
  3520 | Ossuary  | Reached skill level 5 in Fighting
  3795 | Ossuary  | Reached XP level 8. HP: 46/55 MP: 11/11
  4404 | D:5      | Entered Level 5 of the Dungeon
  4441 | D:5      | Found a hide-covered altar of Uskayaw.
  5295 | D:5      | Reached skill level 7 in Dodging
  5795 | D:6      | Reached XP level 9. HP: 63/63 MP: 5/12
  5869 | D:6      | Found a staircase to the Ecumenical Temple.
  5882 | Temple   | Entered the Ecumenical Temple
  6187 | Temple   | Became a worshipper of Vehumet
  6278 | D:6      | HP: 1/63 [spore (25)]
  6278 | D:6      | Killed by an exploding killer bee... ignited by their inner
                  | flame

Illustrated notes

Levels and vault maps discovered:
D:1:      lemuel_arrival_muddy, layout_basic
D:2:      layout_basic, basic_altar, serial_shops, nicolae_shop_statue_plus,
          minmay_puff, uniq_robin, uniq_jessica, uniq_sigmund
D:3:      layout_loops_ring, minmay_misc_feat_more_columns, glass_columns_a,
          uniq_ijyb, uniq_natasha, uniq_crazy_yiuf_cottage
D:4:      layout_cave_pools, nicolae_ossuary_entry_plus, serial_column_ruins,
          column_ruins_hut_pillars, column_ruins_hut, column_ruins_open_small,
          column_ruins_columns_dead_end, column_ruins_columns_straight,
          column_ruins_columns_T, column_ruins_open_tiny, column_ruins_grid_4,
          column_ruins_columns_straight, minivault_27
D:5:      layout_loops_ring, lemuel_crystal_altar
D:6:      layout_gridville, minmay_temple_entry_grid,
          ebering_ghost_reflecting_pool
Temple:   regret_index_temple_sigil_plot

Skill      XL: |  1  2  3  4  5  6  7  8 |
---------------+-------------------------+-----
Spellcasting   | 1 2 |  2.0
Fighting       | 3 4 5 6 |  6.5
Dodging        | 5 6 7 |  7.4
Conjurations   | 1 3 4 |  4.8
Earth Magic    | 1 2 4 |  4.7
Axes           | |  2.0
Stealth        | |  1.3
Invocations    | |  1.0

Action                   |  1- 3 |  4- 6 |  7- 9 || total
-------------------------+-------+-------+-------++-------
Melee: Hand axe          |    56 |   124 |       ||   180
       Constrict         |    16 |    39 |    26 ||    81
       Tentacles         |    10 |    32 |    38 ||    80
       Punch             |     2 |     6 |     1 ||     9
       Mace              |       |    15 |   119 ||   134
 Cast: Stone Arrow       |       |       |    20 ||    20
 Abil: Evoke Blink       |       |       |     1 ||     1
Evoke: Wand              |       |     3 |     6 ||     9
  Use: Potion            |       |     3 |     2 ||     5
       Scroll            |       |     1 |    10 ||    11
 Stab: Sleeping          |     3 |     5 |     9 ||    17
       Distracted        |     1 |       |       ||     1
Armor: Skin              |     5 |     7 |     8 ||    20
Dodge: Dodged            |    41 |    99 |   124 ||   264
Block: Buckler           |       |       |    21 ||    21

Table legend: (Time is in decaauts)
 A = Elapsed time spent in this place.
 B = Non-inter-level travel time spent in this place.
 C = Inter-level travel time spent in this place.
 D = Time resting spent in this place.
 E = Time spent auto-exploring this place.
 F = Levels seen in this place.
 G = Mean time per level.
                   A        B        C        D        E       F      G
               +--------+--------+--------+--------+--------+-----+--------+
         Total |   6364 |   6177 |    187 |   1000 |   3851 |   8 |  795.5 |
       Dungeon |   5432 |   5258 |    174 |    696 |   3440 |   6 |  905.3 |
        Temple |    319 |    306 |     13 |      0 |    260 |   1 |  319.0 |
       Ossuary |    612 |    612 |      0 |    304 |    151 |   1 |  612.0 |
               +--------+--------+--------+--------+--------+-----+--------+

Top non-repeatable levels by time:
     D:2: 1507 daAuts
     D:5: 1200 daAuts
     D:3: 943 daAuts
     D:4: 812 daAuts
     D:1: 776 daAuts
 Ossuary: 612 daAuts
  Temple: 319 daAuts
     D:6: 192 daAuts
